 Dungeon Crawl Stone Soup version 0.30.0-16-gbe6223bb7e (webtiles) character file.

Game seed: 8557739132753260323

24 SleepySteel the Trooper (level 2, -4/24 HPs)
             Began as a Demonspawn Gladiator on May 20, 2023.
             Was a Follower of Uskayaw.
             Slain by a gnoll
             ... wielding a +0 flail
              (7 damage)
             ... on level 1 of the Dungeon.
             The game lasted 00:04:04 (1181 turns).

SleepySteel the Trooper (Demonspawn Gladiator)      Turns: 1181, Time: 00:04:05

Health: -4/24      AC:  5    Str: 14    XL:     2   Next: 79%
Magic:  2/2        EV: 12    Int:  9    God:    Uskayaw [*.....]
Gold:   65         SH:  0    Dex: 14    Spells: 1/1 levels left

rFire   . . .        a - +0 long sword
rCold   . . .        (no shield)
rNeg    . . .        b - +0 leather armour
rPois   .            c - +0 helmet
rElec   .            (no cloak)
rCorr   .            (no gloves)
SInv    .            f - +0 pair of boots
Will    .....        (no amulet)
Stlth   +            (no ring)
HPRegen 0.24/turn    (no ring)
MPRegen 0.08/turn

%: no passive effects
@: no status effects
A: demonic guardian 1
a: Renounce Religion, Stomp


You were on level 1 of the Dungeon.
You worshipped Uskayaw.
Uskayaw was noncommittal.
You visited 1 branch of the dungeon, and saw 2 of its levels.

You collected 65 gold pieces.

Inventory:

Hand Weapons
 a - a +0 long sword (weapon)
Missiles
 d - 3 throwing nets (quivered)
 e - a javelin
 h - 13 stones
Armour
 b - a +0 leather armour (worn)
 c - a +0 helmet (worn)
 f - a +0 pair of boots (worn)
Scrolls
 i - a scroll of enchant armour {unknown}
 j - a scroll of teleportation {unknown}
 k - a scroll of identify {unknown}
Potions
 g - a potion of degeneration {unknown}


   Skills:
 - Level 3.4 Fighting
 - Level 2.6 Long Blades
 - Level 1.7 Throwing
 - Level 2.6 Dodging
 * Level 0.0 Invocations


You had one spell level left.
You didn't know any spells.
Your spell library was empty.

Dungeon Overview and Level Annotations

Branches:
Dungeon (2/15)

Altars:
Uskayaw


Innate Abilities, Weirdness & Mutations

A weak demonic guardian rushes to your aid.


Message History

The adder is almost dead.
The gnoll shouts!
The adder misses you.
A hobgoblin comes into view.
You hit the adder.
You kill the adder!
Found 11 gold pieces.
The gnoll shouts!
You barely miss the gnoll. The gnoll hits you with a +0 flail!
A demonic guardian appears!
You swap places.
The gnoll hits your ufetubus with a +0 flail!
Your ufetubus dies!
Your ufetubus disappears in a puff of smoke!
There is a stone staircase leading down here.
There is a stone staircase leading up here.
You climb upwards.
There is a stone staircase leading down here.
You hit the gnoll.
The gnoll is moderately wounded.
The gnoll hits you with a +0 flail. x2
You hit the gnoll.
The gnoll is heavily wounded.
The gnoll hits you but does no damage.
You closely miss the gnoll.
The gnoll is heavily wounded.
The gnoll hits you with a +0 flail!
You closely miss the gnoll.
The gnoll is heavily wounded.
The gnoll hits you with a +0 flail.
* * * LOW HITPOINT WARNING * * *
A demonic guardian appears!
The gnoll hits you with a +0 flail.
* * * LOW HITPOINT WARNING * * *
Your shadow imp closely misses the gnoll.
Your shadow imp hits the gnoll.
The gnoll attacks as you move away! The gnoll misses you.
Okay, then.
The gnoll attacks as you move away! The gnoll hits you with a +0 flail!
You die...

######....##.##.#.# #...##.
######....#.....#....#.# ##.#.#..
#....#.##.#..#..######.###..#...#
#.##.#.##.#.....# #....#.#.#.#
.....#.##.......#########.#...#..
##...#.####.#...##.....##.#.#)#.#
#..##..†...#.#.##.....##...#...#
#....##..#.....##.....##.#.#.#..
#.##.##..#.....@g5.......#...##.
#.##.....#.##.##....>..###.#....
#...>##.##.#...#.......##..##.##
####....#...._.........#.#......
#....#..#...#.......####.###.
#....#..##.##................
##...#....................###
#...##......#####........##.
#...#####...# #........##.


You could see a gnoll (ally target) and a friendly shadow imp (summoned).

Vanquished Creatures
  An adder (D:2)
  2 ball pythons (D:1)
  A bat (D:1)
  2 endoplasms (D:1)
  A giant cockroach (D:1)
  A goblin (D:1)
  A hobgoblin (D:1)
  A quokka (D:1)
  A frilled lizard (D:2)
  A kobold (D:1)
  3 rats (D:1)
15 creatures vanquished.

Notes
Turn   | Place    | Note
-------+----------+-------------------------------------------
     0 | D:1      | SleepySteel the Demonspawn Gladiator began the quest for
                  | the Orb.
     0 | D:1      | Reached XP level 1. HP: 16/16 MP: 1/1
   120 | D:1      | Gained mutation: A weak demonic guardian rushes to your
                  | aid. [demonic ancestry]
   120 | D:1      | Reached XP level 2. HP: 23/23 MP: 2/2
   132 | D:1      | Found a faded altar of an unknown god.
   151 | D:1      | Prayed at the altar of an unknown god.
   151 | D:1      | Became a worshipper of Uskayaw the Reveller
   151 | D:1      | Reached * piety under Uskayaw
   208 | D:1      | Reached skill level 3 in Fighting
  1181 | D:1      | Slain by a gnoll

Illustrated notes

Levels and vault maps discovered:
D:1:      matt_arrival_grand_opening, layout_basic,
          ebering_ecumenical_altar_box, nicolae_concentric_dashed_squares_wild,
          minivault_25
D:2:      layout_loops_ring, minmay_gold_behind_fungi, uniq_crazy_yiuf_cottage

Skill      XL: |  1  2 |
---------------+-------+-----
Fighting       | 3 |  3.4
Long Blades    | |  2.6
Throwing       | |  1.7
Dodging        | |  2.6

Action                     || total
---------------------------++-------
  Melee: Long sword        ||    53
   Stab: Sleeping          ||     1
 Armour: Leather armour    ||    19
  Dodge: Dodged            ||    34
